 Dungeon Crawl Stone Soup version 0.23.2-11-gf996548 (webtiles) character file.

Game seed: 3857801882737628986

61478 Fang the Fighter (level 15, -13/100 HPs)
             Began as a Gargoyle Berserker on June 5, 2019.
             Was a High Priest of Trog.
             Killed from afar by a crystal guardian (32 damage)
             ... with a crystal bolt
             ... on level 15 of the Dungeon.
             The game lasted 00:23:31 (19473 turns).

Fang the Fighter (Gargoyle Berserker)              Turns: 19473, Time: 00:23:31

Health: -13/100    AC: 36    Str: 28    XL:     15   Next: 3%
Magic:  15/15      EV: 14    Int:  5    God:    Trog [*****.]
Gold:   2175       SH:  0    Dex:  6    Spells: 14/14 levels left

rFire    + + +     SeeInvis .   C - +4 war axe (freeze)
rCold    . . .     Gourm    +   (no shield)
rNeg     + + .     Faith    .   b - +2 plate armour {MR+}
rPois    ∞         Spirit   .   r - +2 helmet
rElec    +         Reflect  .   G - scarf {cloud immunity}
rCorr    .         Harm     .   (no gloves)
MR       ++...                  f - +2 pair of boots
Stlth    ..........             F - amulet of the gourmand
HPRegen  0.26/turn              Q - ring of Puugeblef {rElec rF+++ rN+ Int-2 Dex-3}
MPRegen  0.14/turn              p - +3 ring of evasion

@: berserk cooldown, flying, slowed, very slow
A: big wings, negative energy resistance 1, electricity resistance, unbreathing,
petrification resistance, rot immunity, AC +11
a: Stop Flying, Berserk, Trog's Hand, Brothers in Arms, Renounce Religion


You were on level 15 of the Dungeon.
You worshipped Trog.
Trog was extremely pleased with you.
You were completely stuffed.

You visited 5 branches of the dungeon, and saw 24 of its levels.
You also visited: Sewer.

You collected 2175 gold pieces.

Inventory:

Hand Weapons
 a - a +0 war axe of flaming
 s - a +4 antimagic executioner's axe
 C - a +4 war axe of freezing (weapon)
Armour
 b - a +2 plate armour of magic resistance (worn)
 f - a +2 pair of boots (worn)
 r - a +2 helmet (worn)
 G - a scarf of cloud immunity (worn)
 K - a scarf of repulsion
Jewellery
 i - an uncursed ring of protection from cold
 o - an uncursed ring of stealth
 p - a +3 ring of evasion (right hand)
 u - the ring "Xiygh" {Fire +Blink}
   (You found it on level 6 of the Dungeon)

   [ring of fire]

   It enhances your fire magic.
   It protects you from fire.
   It makes you vulnerable to cold.
   It lets you blink.
 x - an uncursed ring of positive energy
 y - an uncursed ring of protection from fire
 F - an amulet of the gourmand (around neck)
 O - the ring of Desertification {rC+ Str+3}
   (You found it on level 15 of the Dungeon)

   [ring of protection from cold]

   It affects your strength (+3).
   It protects you from cold.
 Q - the ring of Puugeblef (left hand) {rElec rF+++ rN+ Int-2 Dex-3}
   (You found it on level 6 of the Lair of Beasts)

   [ring of positive energy]

   It affects your intelligence (-2).
   It affects your dexterity (-3).
   It renders you almost immune to fire.
   It insulates you from electricity.
   It protects you from negative energy.
 R - the ring of Yfossycu {MR+ Str+3 Slay-5 SInv}
   (You took it off a naga warrior on level 15 of the Dungeon)

   [ring of strength]

   It affects your strength (+3).
   It affects your accuracy and damage with ranged weapons and melee attacks
   (-5).
   It affects your resistance to hostile enchantments.
   It lets you see invisible.
Wands
 l - a wand of iceblast (22)
 m - a wand of disintegration (28)
 w - a wand of flame (34)
 z - a wand of digging (4)
 A - a wand of paralysis (10)
 J - a wand of scattershot (4)
 N - a wand of polymorph (8)
Scrolls
 e - 2 scrolls of magic mapping
 h - 13 scrolls of teleportation
 n - 5 scrolls of identify
 q - 4 scrolls of blinking
 t - 6 scrolls of fear
 B - 8 scrolls of remove curse
Potions
 d - 8 potions of curing
 g - a potion of heal wounds
 j - 2 potions of haste
 k - 2 potions of invisibility
 v - 3 potions of might
 D - a potion of berserk rage
 E - 3 potions of resistance
 H - 2 potions of agility
 M - 2 potions of mutation
 P - a potion of cancellation
Comestibles
 c - 61 rations
 L - 9 chunks of flesh


   Skills:
 + Level 14.2 Fighting
 + Level 12.3 Axes
 + Level 14.0 Armour
 + Level 11.2 Dodging


You had 14 spell levels left.
You didn't know any spells.
Your spell library was empty.

Dungeon Overview and Level Annotations

Branches:
Dungeon (15/15)            Temple (1/1) D:5            Lair (6/6) D:10
 Shoals (0/4) Lair:4       Spider (0/4) Lair:4        Slime (0/5) Lair:5
    Orc (1/2) D:11         Vaults (0/5) D:13           Hell (1/1)
 Depths: D:15           Dis: Hell:1         Geh: Hell:1         Coc: Hell:1
    Tar: Hell:1

Altars:
Ashenzari
Cheibriados
Makhleb
Qazlal
Ru
Sif Muna
Uskayaw
Xom
Yredelemnul
The Shining One
Jiyva

Shops:
D:7 *   D:12 ?

Portals:
Hell: Lair:6

Annotations:
Lair:3 1 runed translucent door
Lair:5 1 runed translucent door
Hell Geryon


Innate Abilities, Weirdness & Mutations

You are resistant to torment.
Your stone body is resilient. (AC +11)
You are immune to poison.
Your large and strong wings let you fly indefinitely.
You resist negative energy. (rN+)
You are resistant to electric shocks. (rElec)
You can survive without breathing.
You are immune to petrification.
You are immune to rotting.


Message History

The crystal bolt burns you but does no damage.
You resist.
The cyclops throws a large rock.
The large rock hits you but does no damage.
You're still recovering from your berserk rage.
You hit the crystal guardian but do no damage.
The cyclops throws a large rock.
The large rock barely misses you.
The crystal guardian fires a crystalline bolt at you.
The crystal bolt freezes you but does no damage.
You slash the crystal guardian!
The crystal guardian is lightly damaged.
The cyclops throws a large rock.
The large rock hits you but does no damage.
The crystal guardian fires a crystalline bolt at you.
The crystal bolt freezes you!!
* * * LOW HITPOINT WARNING * * *
You hit the crystal guardian but do no damage.
The crystal guardian is lightly damaged.
The crystal guardian fires a crystalline bolt at you.
The crystal bolt freezes you!!
You die...

...... ........ # .......
..#...... ###
....#...##.C##
......#.+...?#
........#...$#
........@8..[#
#......##..##
...#..(..#######
.....#....#....#
..........#....#
..........')..# ####
....#.....##)(###(<#
.....#.....#'##....######
.............)(<..##._.#


You could see a crystal guardian and a cyclops.

Vanquished Creatures
  6 hydras
  2 vault guards (D:15)
  An ice dragon (D:15)
  A naga warrior (D:15)
  3 centaur warriors
  2 dancing weapons (D:13)
  A sixfirhy (Lair:6)
  A salamander mystic (D:15)
  3 unseen horrors
  A wolf spider zombie (D:14)
  A wizard (Lair:6)
  3 cyclopes
  5 ugly things
  A manticore (D:13)
  2 deep elf magi (D:15)
  6 slime creatures
  The ghost of growler the Insei, a novice OpTm (D:6)
  2 centaur zombies
  5 black mambas
  A naga mage (D:15)
  A gargoyle (D:14)
  4 orange demons (Lair:6)
  A smoke demon (Lair:6)
  3 centaur skeletons
  6 spiny frogs
  3 rime drakes
  8 komodo dragons
  An ice devil (Lair:6)
  A kobold demonologist (D:13)
  2 queen bees
  5 trolls
  A red devil (Lair:6)
  12 blink frogs (Lair:6)
  A polar bear (Lair:4)
  11 dream sheep
  13 hippogriffs
  A spriggan (Lair:4)
  A wraith (D:14)
  5 wyverns
  Grum (D:9)
  35 yaks
  2 basilisks
  A vampire mosquito (D:15)
  2 nagas (D:15)
  3 hungry ghosts
  3 hell hounds (Lair:6)
  An acid dragon (D:14)
  7 water moccasins
  4 porcupines
  2 floating eyes (D:15)
  Purgy (Sewer)
  6 ice beasts
  2 sky beasts
  A necrophage (D:11)
  An eye of draining (D:9)
  2 black bears
  8 orc warriors
  A black bear (shapeshifter) (D:15)
  12 wolves
  5 ogres
  14 centaurs
  12 crocodiles
  3 big kobolds
  13 bullfrogs
  A gnoll sergeant (D:11)
  4 scorpions
  A water moccasin skeleton (D:10)
  63 killer bees
  7 wights
  4 electric eels
  2 howler monkeys
  12 crimson imps
  5 hounds
  A quasit (D:10)
  A jelly (D:12)
  6 orc wizards
  3 orc priests
  Jessica (D:2)
  5 iguanas
  5 worker ants
  A hound zombie (D:8)
  3 worker ant zombies
  4 gnolls (D:11)
  A howler monkey skeleton (D:8)
  21 adders
  2 shadow imps (D:10)
  6 white imps (D:6)
  A worker ant simulacrum (D:6)
  An ooze (D:4)
  2 adder zombies
  An adder skeleton (D:9)
  5 worms
  A dart slug (D:1)
  4 leopard geckos
  38 orcs
  2 ball pythons (D:6)
  11 bats
  7 giant cockroaches
  4 goblins
  8 hobgoblins
  18 jackals
  9 quokkas
  4 frilled lizards
  A jackal zombie (D:7)
  24 kobolds
  A quokka skeleton (D:8)
  A quokka zombie (D:2)
  8 rats
  A butterfly (Lair:3)
  5 fungi
  9 plants
595 creatures vanquished.

Vanquished Creatures (collateral kills)
  3 hydras
  A spiny frog (Lair:6)
  A komodo dragon (Lair:2)
  A rime drake (Lair:6)
  A wolf (Lair:6)
  A plant (Lair:4)
8 creatures vanquished.

Vanquished Creatures (others)
  A crimson imp (D:15)
  7 fungi
  3 plants
11 creatures vanquished.

Grand Total: 614 creatures vanquished

Notes
Turn   | Place    | Note
-------+----------+-------------------------------------------
     0 | D:1      | Fang the Gargoyle Berserker began the quest for the Orb.
     0 | D:1      | Reached XP level 1. HP: 14/14 MP: 1/1
   221 | D:1      | Reached XP level 2. HP: 19/19 MP: 2/2
   680 | D:2      | Reached XP level 3. HP: 23/23 MP: 3/3
   778 | D:2      | Noticed Jessica
   786 | D:2      | Reached ** piety under Trog
   819 | D:2      | Killed Jessica
   819 | D:2      | Reached XP level 4. HP: 21/29 MP: 4/4
   978 | D:2      | Found a hide-covered altar of Uskayaw.
  1373 | D:3      | Reached XP level 5. HP: 27/33 MP: 5/5
  1600 | D:3      | Reached XP level 6. HP: 33/39 MP: 6/6
  1688 | D:3      | Found a burning altar of Makhleb.
  1692 | D:3      | Reached *** piety under Trog
  2641 | D:4      | Reached skill level 5 in Fighting
  2702 | D:4      | Found a sacrificial altar of Ru.
  2705 | D:4      | Found a snail-covered altar of Cheibriados.
  2708 | D:4      | Found a glowing golden altar of the Shining One.
  2757 | D:4      | Reached XP level 7. HP: 40/44 MP: 7/7
  2963 | D:5      | Entered Level 5 of the Dungeon
  3145 | D:5      | Found a staircase to the Ecumenical Temple.
  3158 | Temple   | Entered the Ecumenical Temple
  3698 | D:6      | Reached skill level 5 in Armour
  3703 | D:6      | Found a glowing drain.
  3744 | Sewer    | Entered a sewer
  3837 | Sewer    | Noticed Purgy
  3850 | Sewer    | Killed Purgy
  3850 | Sewer    | Reached XP level 8. HP: 50/51 MP: 8/8
  3945 | D:6      | Found a runed translucent gate.
  3945 | D:6      | Found a runed translucent gate.
  3945 | D:6      | Found a runed translucent gate.
  4001 | D:6      | Noticed growler's ghost (novice OpTm)
  4067 | D:6      | Reached skill level 5 in Axes
  4123 | D:6      | Killed growler's ghost
  4143 | D:6      | Got the ring "Xiygh" {Fire}
  4295 | D:6      | Reached **** piety under Trog
  4320 | D:6      | Reached XP level 9. HP: 41/57 MP: 9/9
  4386 | D:6      | Reached skill level 5 in Dodging
  4925 | D:7      | Identified the ring "Xiygh" {Fire +Blink} (You found it on
                  | level 6 of the Dungeon)
  4981 | D:7      | Found Qaapliq's General Store.
  5589 | D:8      | Found a stormy altar of Qazlal.
  5613 | D:8      | Reached XP level 10. HP: 64/64 MP: 10/10
  6322 | D:8      | Reached ***** piety under Trog
  6783 | D:9      | Found a transporter.
  6794 | D:9      | Noticed Grum
  6822 | D:9      | Killed Grum
  7016 | D:9      | Found a transporter.
  7181 | D:9      | Received a gift from Trog
  7348 | D:9      | Found a shattered altar of Ashenzari.
  7348 | D:9      | Found a deep blue altar of Sif Muna.
  7502 | D:9      | Found a basalt altar of Yredelemnul.
  7552 | D:9      | Reached XP level 11. HP: 47/71 MP: 11/11
  7677 | D:10     | Entered Level 10 of the Dungeon
  8136 | D:10     | Reached skill level 10 in Fighting
  8205 | D:10     | Found a staircase to the Lair.
  8730 | D:11     | Received a gift from Trog
  8821 | D:11     | Reached skill level 10 in Armour
  8957 | D:11     | Killed an unseen horror
  9158 | D:11     | Found a staircase to the Orcish Mines.
  9703 | Orc:1    | Entered Level 1 of the Orcish Mines
  9817 | D:12     | Killed an unseen horror
  9879 | D:12     | Noticed a cyclops
  9879 | D:12     | Noticed a white ugly thing
  9887 | D:12     | Killed a cyclops
  9899 | D:12     | Killed a white ugly thing
  9899 | D:12     | Reached XP level 12. HP: 79/79 MP: 12/12
 10114 | D:12     | Found Pyom's Magic Scroll Shop.
 10825 | Lair:1   | Entered Level 1 of the Lair of Beasts
 11631 | Lair:2   | Noticed a six-headed hydra
 11656 | Lair:2   | Killed a 17-headed hydra
 11728 | Lair:2   | Reached skill level 10 in Axes
 12021 | Lair:2   | Received a gift from Trog
 12591 | Lair:3   | Found a runed translucent door.
 12651 | Lair:3   | Reached XP level 13. HP: 86/86 MP: 13/13
 13412 | Lair:4   | Found a staircase to the Shoals.
 13562 | Lair:4   | Found a hole to the Spider Nest.
 14346 | Lair:5   | Received a gift from Trog
 14588 | Lair:5   | Found a dark tunnel.
 14911 | Lair:5   | Found a runed translucent door.
 14911 | Lair:5   | Found a viscous altar of Jiyva.
 14912 | Lair:5   | Noticed an acid blob
 14913 | Lair:5   | Found a staircase to the Slime Pits.
 15177 | Lair:6   | Entered Level 6 of the Lair of Beasts
 15186 | Lair:6   | Reached skill level 10 in Dodging
 16188 | Lair:6   | Gained mutation: Your large and strong wings let you fly
                  | indefinitely. [Gargoyle growth]
 16188 | Lair:6   | Reached XP level 14. HP: 22/94 MP: 14/14
 16628 | Lair:6   | Found a burning altar of Makhleb.
 16677 | Lair:6   | Found a gateway to Hell.
 16688 | Hell     | Entered the Vestibule of Hell
 16688 | Hell     | Noticed Geryon
 17105 | Lair:6   | Got a smoking glass ring
 17203 | Lair:6   | Identified the ring of Puugeblef {rElec rF+++ rN+ Int-2
                  | Dex-3} (You found it on level 6 of the Lair of Beasts)
 17731 | D:13     | Received a gift from Trog
 17851 | D:13     | Found a gate to the Vaults.
 17919 | D:13     | Received a gift from Trog
 18460 | D:14     | Identified a scroll of acquirement
 19054 | D:15     | Entered Level 15 of the Dungeon
 19072 | D:15     | Paralysed by a floating eye for 3 turns
 19109 | D:15     | Got a scintillating brass ring
 19361 | D:15     | Found a shimmering altar of Xom.
 19423 | D:15     | Identified the ring of Yfossycu {MR+ Str+3 Slay-5 SInv}
 19439 | D:15     | Reached XP level 15. HP: 100/100 MP: 15/15
 19459 | D:15     | Identified the ring of Desertification {rC+ Str+3} (You
                  | found it on level 15 of the Dungeon)
 19473 | D:15     | Killed from afar by a crystal guardian

Skill      XL: |  1  2  3  4  5  6  7  8  9 10 11 12 13 14 |
---------------+-------------------------------------------+-----
Axes           | 3 4 5 6 8 9 10 11 12 | 12.3
Dodging        | 2 3 4 5 7 8 9 10 11 | 11.2
Fighting       | 4 5 7 8 9 10 12 13 14 | 14.2
Armour         | 3 4 5 6 7 9 10 11 12 14 | 14.0

Action                   |  1- 3 |  4- 6 |  7- 9 | 10-12 | 13-15 || total
-------------------------+-------+-------+-------+-------+-------++-------
Melee: Hand axe          |   121 |   102 |       |       |       ||   223
       War axe           |       |   191 |   451 |  1037 |   692 ||  2371
Invok: Berserk           |       |     1 |     4 |     9 |     9 ||    23
       Brothers in Arms  |       |       |       |     1 |     2 ||     3
 Abil: Fly               |       |       |       |       |     1 ||     1
  Use: Scroll            |       |     3 |    15 |    12 |    16 ||    46
       Potion            |       |       |       |     2 |     2 ||     4
  Eat: Chunk             |       |     8 |     9 |    36 |    44 ||    97
       Ration            |       |       |     3 |       |     1 ||     4
Armor: Chain mail        |    10 |       |       |       |       ||    10
       Plate armour      |    84 |   242 |   417 |  1227 |   778 ||  2748
Dodge: Dodged            |    54 |   142 |   293 |  1144 |   766 ||  2399
